 Dungeon Crawl Stone Soup version 0.28-a0-938-gbc3f381ebc (webtiles) character file.

Game seed: 8845680307732624555

98 Htamos the Skirmisher (level 4, -1/30 HPs)
             Began as a Gargoyle Monk on Nov 28, 2021.
             Was a Priest of Vehumet.
             Slain by Natasha (6 damage)
             ... on level 2 of the Dungeon.
             The game lasted 00:04:47 (2644 turns).

Htamos the Skirmisher (Gargoyle Monk)               Turns: 2644, Time: 00:04:49

Health: -1/30      AC:  6    Str: 15    XL:     4   Next: 69%
Magic:  5/5        EV: 12    Int: 11    God:    Vehumet [***...]
Gold:   44         SH:  0    Dex: 12    Spells: 4/5 levels left

rFire   . . .      SeeInvis .   a - +0 mace
rCold   . . .      Faith    .   (no shield)
rNeg    + . .      Spirit   .   b - +0 robe
rPois   ∞          Reflect  .   (no helmet)
rElec   +          Harm     .   (no cloak)
rCorr   .          Rampage  .   (no gloves)
Will    .....                   c - +0 pair of boots
Stlth   ++........              (no amulet)
HPRegen 0.10/turn               (no ring)
MPRegen 0.09/turn               (no ring)

@: slowed, very slow
A: sickness immunity, AC +3, negative energy resistance 1, electricity
resistance, torment resistance 1, petrification resistance
a: Renounce Religion


You were on level 2 of the Dungeon.
You worshipped Vehumet.
Vehumet was most pleased with you.
You visited 1 branch of the dungeon, and saw 2 of its levels.

You collected 44 gold pieces.

Inventory:

Hand Weapons
 a - a +0 mace (weapon)
Missiles
 l - 3 boomerangs (quivered)
Armour
 b - a +0 robe (worn)
 c - a +0 pair of boots (worn)
Scrolls
 f - a scroll of teleportation {unknown}
 j - a scroll of blinking {unknown}
 k - a scroll of amnesia {unknown}
 m - a scroll of identify {unknown}
Potions
 d - a potion of might {unknown}
 e - a potion of haste {unknown}
 g - 2 potions of curing {@qc}
 h - a potion of mutation {unknown}
 i - a potion of degeneration {unknown}


   Skills:
 * Level 4.5 Fighting
 + Level 3.6 Maces & Flails
 + Level 1.6 Armour
 - Level 2.5 Dodging
 - Level 2.3 Stealth
 + Level 1.0 Spellcasting


You had 4 spell levels left.
You knew the following spells:

 Your Spells              Type           Power      Damage    Failure   Level
a - Sting                 Tmut/Pois      0%         1d3       32%         1

Your spell library contained the following spells:

 Spells                   Type           Power      Damage    Failure   Level
 Mephitic Cloud           Conj/Pois/Air  0%         N/A       24%         3
 Poisonous Vapours        Pois/Air       0%         N/A       13%         2
 Olgreb's Toxic Radiance  Pois           0%         N/A       58%         4


Dungeon Overview and Level Annotations

Branches:
Dungeon (2/15)

Altars:
Vehumet

Shops:
D:2 [

Annotations:
D:2 Natasha


Innate Abilities, Weirdness & Mutations

You are immune to sickness and miasma.
Your stone body is resilient. (AC +3)
You are immune to poison.
You resist negative energy. (rN+)
You are resistant to electric shocks. (rElec)
You are resistant to unholy torment.
You are immune to petrification.


Message History

Done exploring.
You see here 22 stones.
There is a large open door here.
There is a large open door here.
There is a large open door here.
There is a large open door here.
You see here a +0 dagger.
There is an open door here.
You see here 22 stones.
Natasha, Servant of Life and Death comes into view.
There is an open door here.
Natasha barely misses you.
You barely miss Natasha. Natasha barely misses you.
You barely miss Natasha.
Natasha casts a spell.
You completely miss Natasha. Natasha closely misses you.
You hit Natasha but do no damage.
Natasha stares at you and mumbles some strange words.
You feel yourself slow down. The crimson imp closely misses you.
Natasha claws you!
You hit Natasha.
Natasha is moderately wounded.
The crimson imp completely misses you.
Natasha wildly gestures.
Natasha shimmers violently.
Natasha claws you. The crimson imp barely misses you. Natasha claws you.
You hit Natasha.
Natasha is moderately wounded.
The crimson imp shouts, "Slither home, thou bumbling saucy erk!"
The crimson imp closely misses you. Natasha claws you.
* * * LOW HITPOINT WARNING * * *
The crimson imp hits you but does no damage.
You hit Natasha.
Natasha is heavily wounded.
Natasha claws you!
* * * LOW HITPOINT WARNING * * *
The crimson imp barely misses you.
Natasha mewls in sadness.
Natasha claws you.
You die...

......#
#..........#.#'###
#######
#..........#.....#
#..........#.....#
#########..#.....#
###### #..#.....#
#....# #..#.....#
#....# ##.#.....'
#..5h# #>#.....#
#...@# ###.....#
#....# #.....#
#....##########.#####
#....'..........#
#....################
#....##..............
#....##.#############
###.....# #####.#


You could see Natasha and a crimson imp (summoned).

Vanquished Creatures
  Natasha (twice) (D:2)
  A worm (D:2)
  A dart slug (D:1)
  8 bats
  7 endoplasms
  3 giant cockroaches
  7 goblins
  2 hobgoblins (D:1)
  A quokka (D:2)
  3 ball pythons (D:2)
  A frilled lizard (D:2)
  2 kobolds
  2 rats (D:1)
40 creatures vanquished.

Notes
Turn   | Place    | Note
-------+----------+-------------------------------------------
     0 | D:1      | Htamos the Gargoyle Monk began the quest for the Orb.
     0 | D:1      | Reached XP level 1. HP: 14/14 MP: 1/1
   191 | D:1      | Reached XP level 2. HP: 13/19 MP: 2/2
   313 | D:1      | Found a faded altar of an unknown god.
   392 | D:1      | Prayed at the altar of an unknown god.
   392 | D:1      | Became a worshipper of Vehumet
   392 | D:1      | Reached * piety under Vehumet
   392 | D:1      | Offered knowledge of Sandblast by Vehumet.
   392 | D:1      | Reached ** piety under Vehumet
   593 | D:1      | Offered knowledge of Static Discharge by Vehumet.
   600 | D:1      | Reached *** piety under Vehumet
   911 | D:2      | Noticed Natasha
   925 | D:2      | Found Gyzauluy's Antique Armour Emporium.
   935 | D:2      | Offered knowledge of Mephitic Cloud by Vehumet.
   938 | D:2      | Learned a level 1 spell: Sting
   962 | D:2      | Reached XP level 3. HP: 24/24 MP: 3/3
  1191 | D:2      | Reached skill level 1 in Armour
  1391 | D:2      | Reached skill level 4 in Fighting
  1672 | D:2      | Killed Natasha
  1673 | D:2      | Reached XP level 4. HP: 23/29 MP: 4/4
  2178 | D:2      | Noticed Natasha
  2285 | D:2      | Killed Natasha
  2286 | D:2      | Reached skill level 1 in Spellcasting
  2628 | D:2      | Noticed Natasha
  2644 | D:2      | Slain by Natasha

Illustrated notes

Levels and vault maps discovered:
D:1:      evilmike_arrival_crescent, layout_loops_ring,
          hellmonk_ecumenical_altar_crossroads
D:2:      layout_basic, serial_shops, shop, minmay_pentomino_x2, uniq_natasha

Skill      XL: |  1  2  3  4 |
---------------+-------------+-----
Armour         | 1 |  1.6
Fighting       | 4 |  4.5
Spellcasting   | 1 |  1.0
Maces & Flails | |  3.6
Dodging        | |  2.5
Stealth        | |  2.3

Action                   |  1- 3 |  4- 6 || total
-------------------------+-------+-------++-------
Melee: Mace              |    81 |    29 ||   110
 Cast: Sting             |     3 |     6 ||     9
  Use: Potion            |     1 |       ||     1
 Stab: Sleeping          |     9 |     3 ||    12
Armor: Robe              |    29 |     7 ||    36
Dodge: Dodged            |    41 |    16 ||    57

Table legend: (Time is in decaauts)
 A = Elapsed time spent in this place.
 B = Non-inter-level travel time spent in this place.
 C = Inter-level travel time spent in this place.
 D = Time resting spent in this place.
 E = Time spent auto-exploring this place.
 F = Levels seen in this place.
 G = Mean time per level.
                   A        B        C        D        E       F      G
               +--------+--------+--------+--------+--------+-----+--------+
         Total |   2673 |   2336 |    337 |    407 |   1485 |   2 | 1336.5 |
       Dungeon |   2673 |   2336 |    337 |    407 |   1485 |   2 | 1336.5 |
               +--------+--------+--------+--------+--------+-----+--------+

Top non-repeatable levels by time:
     D:2: 1736 daAuts
     D:1: 937 daAuts
